 Dungeon Sprint DCSS version 0.18.1-48-g4cf74bf (webtiles) character file.

1329 Neosonic97 the Nimble (level 8, -3/117 HPs)
             Began as a White Draconian Transmuter on Sept 9, 2016.
             Was the Champion of Jiyva.
             Slain by a centaur warrior (8 damage)
             ... in the Dungeon (Sprint I: "Red Sonja").
             The game lasted 00:03:08 (534 turns).

Neosonic97 the Nimble (White Draconian Transmuter)   Turns: 534, Time: 00:03:09

Health: -3/117     AC:  7    Str: 18    XL:     8   Next: 34%
Magic:  7/12       EV: 19    Int: 14    God:    Jiyva [******]
Gold:   308        SH:  0    Dex: 13    Spells: 3 memorised, 2 levels left

rFire  . . .     SeeInvis .       - Unarmed
rCold  + . .     Gourm    .     (armour unavailable)
rNeg   . . .     Faith    .     (shield currently unavailable)
rPois  .         Spirit   .     (helmet restricted)
rElec  .         Dismiss  .     (no cloak)
rCorr  +         Reflect  .     (gloves currently unavailable)
SustAt .         Harm     .     (no boots)
MR     .....     Rnd*Rage +     (no amulet)
Stlth  .......... NoTele   +    (no ring)
                                (no ring)

@: berserking, blade hands (expiring), very quick, not resistant to hostile
enchantments, extremely unstealthy
A: breathe frost, unfitting armour, berserk 1, cold resistance 1, high mp 1,
mutation resistance 1, gelatinous body 1, cold-blooded, AC +6
a: Breathe Frost, End Transformation, Request Jelly, Jelly Paralyse, Slimify,
Cure Bad Mutation, Renounce Religion


You were in the Dungeon.
You worshipped Jiyva.
Jiyva was exalted by your worship.
You were completely stuffed.
You had blades for hands.
You visited 1 branch You collected 308 gold pieces.

Inventory:

Scrolls
 i - a scroll of blinking
Potions
 e - a potion of heal wounds
 f - a potion of haste
 g - 2 potions of magic
Books
 b - a book of Changes

   Spells                             Type                      Level
   a - Beastly Appendage              Transmutation                1
   b - Sticks to Snakes               Transmutation                2
   c - Spider Form                    Transmutation/Poison         3
   d - Ice Form                       Ice/Transmutation            4
   e - Blade Hands                    Transmutation                5
Comestibles
 a - 3 chunks of flesh
 c - 2 bread rations


   Skills:
 * Level 9.4 Fighting
 * Level 12.0 Dodging
 - Level 3.0 Unarmed Combat
 - Level 2.0 Spellcasting
 * Level 9.9 Transmutations
 + Level 1.8 Poison Magic


You had 2 spell levels left.
You knew the following spells:

 Your Spells              Type           Power        Failure   Level  Hunger
a - Beastly Appendage     Trmt           ####..       12%         1    ##.....
b - Spider Form           Trmt/Pois      ###.......   45%         3    ####...
c - Blade Hands           Trmt           ####......   54%         5    ######.


Dungeon Overview and Level Annotations

Branches:
Dungeon (1/1)

Altars:
Cheibriados
Dithmenos
Elyvilon
Fedhas
Gozag
Kikubaaqudgha
Makhleb
Nemelex Xobeh
Okawaru
Pakellas
Qazlal
Ru
Sif Muna
Vehumet
Xom
Yredelemnul
Zin
The Shining One
Jiyva

Shops:
D [


Innate Abilities, Weirdness & Mutations

You can breathe waves of freezing cold.
You can buffet flying creatures when you breathe cold.
Your icy white scales are hard (AC +6).
Your body does not fit into most forms of armour.
Your flesh is cold resistant.
You are cold-blooded and may be slowed by cold attacks.
You tend to lose your temper in combat.
You have an increased reservoir of magic (+10% MP).
You are somewhat resistant to further mutation.
Your rubbery body absorbs attacks (AC +1).


Message History

The centaur warrior hits you!
* * * LOW HITPOINT WARNING * * *
You are too berserk!
You slice the centaur warrior!!
You kill the centaur warrior!
Your Fighting skill increases to level 9!
Your Dodging skill gained 2 levels and is now at level 12!
Your Transmutations skill increases to level 9!
You have reached level 8!
You feel agile.
You slash the centaur warrior!
The centaur warrior is lightly wounded.
The centaur warrior hits you but does no damage.
You slice the centaur warrior!!
The centaur warrior is severely wounded.
The centaur warrior misses you.
You slash the centaur warrior!
The centaur warrior is almost dead.
The centaur warrior hits you!
You die...

###################
#<.#..'..#..'..#__#
#..'..#..'..#..'..+
#..#####'#####.#__#
#..# #..#(..#.####§
#..#__####..##.#§≈§.
#..#_.___##)#..§§§§§
#⌠⌠#_.∩...')@c_#
####_..._##_(#+#
#____ ##'# #### #.#
$.$ #$.$# ##.## #+#


You could see a centaur warrior.

Vanquished Creatures
  A centaur warrior (D)
  Sigmund (D)
  A yak (D)
  An ogre (D)
  Ijyb (D)
5 creatures vanquished.

Vanquished Creatures (collateral kills)
  Sonja (D)
1 creature vanquished.

Vanquished Creatures (others)
  8 jellies (D)
8 creatures vanquished.

Grand Total: 14 creatures vanquished

Notes
Turn   | Place    | Note
--------------------------------------------------------------
     0 | D        | Neosonic97 the Draconian Transmuter began the quest for the Orb.
     0 | D        | Reached XP level 1. HP: 16/16 MP: 3/3
     1 | D        | Noticed Ijyb
    25 | D        | Killed Ijyb
    25 | D        | Reached skill level 3 in Dodging
    25 | D        | Reached XP level 2. HP: 18/26 MP: 3/5
   123 | D        | Noticed an ogre
   130 | D        | Killed an ogre
   130 | D        | Reached skill level 6 in Dodging
   130 | D        | Reached skill level 5 in Transmutations
   130 | D        | Reached XP level 3. HP: 22/34 MP: 4/6
   130 | D        | Reached XP level 4. HP: 27/41 MP: 4/7
   140 | D        | Learned a level 3 spell: Spider Form
   151 | D        | Noticed Sigmund
   159 | D        | Killed Sigmund
   159 | D        | Reached skill level 8 in Dodging
   159 | D        | Reached XP level 5. HP: 16/50 MP: 4/8
   370 | D        | Found a snail-covered altar of Cheibriados.
   370 | D        | Found a viscous altar of Jiyva.
   370 | D        | Found a shadowy altar of Dithmenos.
   370 | D        | Found a blossoming altar of Fedhas.
   370 | D        | Noticed a slime creature
   373 | D        | Became a worshipper of Jiyva Jaeplame the Shapeless
   376 | D        | Found a deep blue altar of Sif Muna.
   381 | D        | Found a radiant altar of Vehumet.
   395 | D        | Reached * piety under Jiyva
   402 | D        | Found Wofoogar's Antique Armour Emporium.
   402 | D        | Found a white marble altar of Elyvilon.
   402 | D        | Found a stormy altar of Qazlal.
   402 | D        | Found a burning altar of Makhleb.
   402 | D        | Found a sacrificial altar of Ru.
   402 | D        | Found an oddly glowing altar of Pakellas.
   402 | D        | Found a basalt altar of Yredelemnul.
   402 | D        | Found a glowing golden altar of the Shining One.
   402 | D        | Found a sparkling altar of Nemelex Xobeh.
   402 | D        | Found a shimmering altar of Xom.
   402 | D        | Found an opulent altar of Gozag.
   402 | D        | Found an ancient bone altar of Kikubaaqudgha.
   402 | D        | Found a glowing silver altar of Zin.
   402 | D        | Noticed a yak
   408 | D        | Reached ** piety under Jiyva
   408 | D        | Reached *** piety under Jiyva
   408 | D        | Gained mutation: You have large cloven feet. [Jiyva's grace]
   409 | D        | Reached **** piety under Jiyva
   409 | D        | Lost mutation: You have large cloven feet. [Jiyva's grace]
   411 | D        | Reached ***** piety under Jiyva
   412 | D        | Killed a yak
   412 | D        | Reached skill level 9 in Dodging
   412 | D        | Reached XP level 6. HP: 25/60 MP: 9/9
   413 | D        | Found an iron altar of Okawaru.
   413 | D        | Gained mutation: You have a pair of small antennae on your head. [Jiyva's grace]
   415 | D        | Gained mutation: Your natural rate of healing is unusually fast. [Jiyva's grace]
   421 | D        | Lost mutation: You have a pair of small antennae on your head. [Jiyva's grace]
   421 | D        | Reached ****** piety under Jiyva
   425 | D        | Lost mutation: Your natural rate of healing is unusually fast. [Jiyva's grace]
   432 | D        | Gained mutation: You have an increased reservoir of magic (+10% MP). [Jiyva's grace]
   435 | D        | Gained mutation: You are somewhat resistant to further mutation. [Jiyva's grace]
   440 | D        | Learned a level 5 spell: Blade Hands
   441 | D        | Noticed Sonja
   442 | D        | Gained mutation: Your rubbery body absorbs attacks (AC +1). [Jiyva's grace]
   450 | D        | Killed Sonja
   450 | D        | Reached skill level 10 in Dodging
   450 | D        | Reached skill level 1 in Poison Magic
   450 | D        | Your scales start taking on an icy white colour.
   450 | D        | Reached XP level 7. HP: 10/68 MP: 11/11
   450 | D        | Gained mutation: Your flesh is cold resistant. [White Draconian growth]
   451 | D        | Gained mutation: You tend to lose your temper in combat. [Jiyva's grace]
   519 | D        | Noticed a centaur warrior
   526 | D        | Noticed a centaur warrior
   529 | D        | HP: 4/102 [centaur warrior (12)]
   530 | D        | Killed a centaur warrior
   530 | D        | Reached skill level 12 in Dodging
   530 | D        | Reached XP level 8. HP: 5/78 MP: 7/12
   534 | D        | Slain by a centaur warrior

Skill      XL: |  1  2  3  4  5  6  7 |
---------------+----------------------+-----
Fighting       | 3 4 6 7 8 9 |  9.4
Dodging        | 3 6 8 9 10 12 | 12.0
Transmutations | 3 5 6 7 8 9 |  9.9
Poison Magic   | 1 |  1.8
Unarmed Combat | |  3.0
Spellcasting   | |  2.0

Action                   |  1- 3 |  4- 6 |  7- 9 || total
-------------------------+-------+-------+-------++-------
Melee: Unarmed           |    28 |    18 |     7 ||    53
       Kick              |     8 |       |       ||     8
       Tailslap          |     5 |       |       ||     5
 Cast: Beastly Appendage |     3 |       |       ||     3
       Spider Form       |       |     3 |       ||     3
       Blade Hands       |       |       |     1 ||     1
  Use: Potion            |       |     1 |     1 ||     2
Armor: Skin              |     6 |       |     2 ||     8
Dodge: Dodged            |    14 |    22 |     4 ||    40
